 Dungeon Crawl Stone Soup version 0.24.0-41-g2ae2f7f1be (webtiles) character file.

Game seed: 452011109345401733, levelgen mode: deterministic

54657 Curus the Warrior (level 14, -16/207 HPs)
             Began as a Minotaur Gladiator on Dec 8, 2019.
             Was a High Priest of Trog.
             Demolished by a two-headed ogre
             ... wielding a +0 giant club
              (24 damage)
             ... on level 1 of the Orcish Mines on Dec 9, 2019.
             The game lasted 01:34:53 (16402 turns).

Curus the Warrior (Minotaur Gladiator)             Turns: 16402, Time: 01:34:54

Health: -16/207    AC:  8    Str: 24      XL:     14   Next: 35%
Magic:  19/19      EV: 23    Int:  9 (11) God:    Trog [*****.]
Gold:   1794       SH:  0    Dex: 15 (16) Spells: 13/13 levels left

rFire    + . .     SeeInvis +   O - +0 lajatang of Trog's Hope {slice, +Inv}
rCold    + . .     Gourm    .   (shield currently unavailable)
rNeg     + . .     Faith    .   r - +3 leather armour of Fualol {rPois rN+ Int+4}
rPois    +         Spirit   .   c - +0 hat
rElec    .         Reflect  .   A - scarf {rC+ rF+}
rCorr    +         Harm     .   H - +0 pair of fencer's gloves {Riposte Dex+3}
MR       +....                  e - +0 pair of boots
Stlth    ..........             D - amulet of regeneration
HPRegen  0.84/turn              u - ring of see invisible
MPRegen  0.16/turn              M - ring of resist corrosion

@: berserking, marked, very quick
A: retaliatory headbutt, horns 2, talons 1, blink, weak 1
a: Blink, Berserk, Trog's Hand, Brothers in Arms, Renounce Religion, Evoke
Invisibility


You were on level 1 of the Orcish Mines.
You worshipped Trog.
Trog was extremely pleased with you.
You were hungry.

You visited 3 branches of the dungeon, and saw 18 of its levels.
You also visited: Sewer, Ossuary and Gauntlet.

You collected 1906 gold pieces.
You spent 112 gold pieces at shops.

Inventory:

Hand Weapons
 a - a +2 quarterstaff
 F - a +2 antimagic quarterstaff
 L - a +0 lajatang
 O - the +0 lajatang of Trog's Hope (weapon) {slice, +Inv}
   (Trog gifted it to you on level 5 of the Lair of Beasts)

   It inflicts extra damage upon your enemies.
   It lets you turn invisible.
 P - a +3 antimagic quarterstaff
Missiles
 d - 5 throwing nets (quivered)
Armour
 b - a +0 leather armour
 c - a +0 hat (worn)
 e - a +0 pair of boots (worn)
 r - the +3 leather armour of Fualol (worn) {rPois rN+ Int+4}
   (You took it off an orc priest on level 5 of the Dungeon)

   It affects your intelligence (+4).
   It protects you from poison.
   It protects you from negative energy.
 A - a scarf of resistance (worn)
 H - the +0 pair of fencer's gloves (worn) {Riposte Dex+3}
   (You found it in a Gauntlet)

   It affects your dexterity (+3).
 I - the +1 pair of gloves of Uticuugi {Int+4}
   (You found it in a Gauntlet)

   It affects your intelligence (+4).
 R - the +0 leather armour "Edihieba" {rCorr}
   (You found it on level 4 of the Lair of Beasts)

   It provides partial protection from all sources of acid and corrosion.
Jewellery
 j - an uncursed amulet of inaccuracy
 q - an uncursed ring of protection from fire
 t - an uncursed ring of positive energy
 u - a ring of see invisible (left hand)
 B - an uncursed ring of fire
 D - an amulet of regeneration (around neck)
 G - a ring of the Octopus King {Wiz AC+1 EV+1 Str+1 Int+1 Dex+1}
   (You found it in a Gauntlet)

   [ring of wizardry]

   It improves your spell success rate.
   It affects your AC (+1).
   It affects your evasion (+1).
   It affects your strength (+1).
   It affects your intelligence (+1).
   It affects your dexterity (+1).
 M - a ring of resist corrosion (right hand)
Wands
 n - a wand of random effects (9)
 o - a wand of digging (2)
 s - a wand of iceblast (14)
 J - a wand of flame (21)
 K - a wand of acid (6)
 N - a wand of paralysis (7)
Scrolls
 h - 12 scrolls of identify
 i - 12 scrolls of teleportation
 l - 4 scrolls of remove curse
 p - 3 scrolls of magic mapping
 w - a scroll of fear
 y - 4 scrolls of fog
 Q - a scroll of holy word
Potions
 g - 5 potions of heal wounds
 k - 4 potions of ambrosia
 m - 12 potions of curing
 v - a potion of flight
 x - 3 potions of haste
 z - 8 potions of brilliance
 C - 2 potions of might
 E - a potion of resistance
Comestibles
 f - 27 rations
 S - 4 chunks of flesh


   Skills:
 + Level 16.7 Fighting
 - Level 14.0 Staves
 - Level 2.0 Throwing
 + Level 15.6 Dodging
 - Level 8.3 Evocations


You had 13 spell levels left.
You didn't know any spells.
Your spell library was empty.

Dungeon Overview and Level Annotations

Branches:
Dungeon (10/15)            Temple (0/1) D:7            Lair (6/6) D:10
 Shoals (0/4) Lair:3        Snake (0/4) Lair:4        Slime (0/5) Lair:5
    Orc (2/2) D:10          Sewer (visited)         Ossuary (visited)
Gauntlet (visited)
    Elf: Orc:2

Altars:
Elyvilon
Fedhas
Trog
Jiyva

Shops:
D:5 (   D:10 ?   Orc:2 %

Annotations:
Orc:1 3 runed translucent doors, Irehuruis's ghost, journeyman FoWz


Innate Abilities, Weirdness & Mutations

You reflexively headbutt those who attack you in melee.
You have a pair of horns on your head.
You have sharp toenails.
You can translocate small distances at will.
You are weak. (Str -2)


Message History

You hit the two-headed ogre.
Your headbutt misses the two-headed ogre.
The two-headed ogre is heavily wounded.
The two-headed ogre closely misses you. You furiously retaliate!
You headbutt the two-headed ogre, but do no damage.
The two-headed ogre hits you with a +0 giant club!
* * * LOW HITPOINT WARNING * * *
You hit the two-headed ogre.
The two-headed ogre is heavily wounded.
You slice the two-headed ogre!!
The two-headed ogre is almost dead.
The two-headed ogre hits you with a +0 giant club!!
* * * LOW HITPOINT WARNING * * *
The two-headed ogre closely misses you.
A red film seems to cover your vision as you go berserk!
You feel yourself moving faster!
You feel mighty!
You are feeling hungry.
The two-headed ogre barely misses you.
The two-headed ogre hits you with a +0 giant club!!
You die...

#...#...........
##.#...#........
##.....##.#.....
#.....##..[.....
####.....##.......
##.#.##...#....#[..
#....####.....##[..
####....####....##...
##.#[@[...##...###....
##...O#......###.##....
##.....##.....##.###>..#
#.....####......###....#
#.....#.###....## ##...#
##.##....#..#### #....#
###.#.....## ###...
###......# ###.
##.......### #.


You could see a two-headed ogre.

Vanquished Creatures
  An orc warlord (Orc:1)
  A minotaur (Gauntlet)
  Josephine (Lair:4)
  A fire dragon (Lair:6)
  3 ogre magi (Orc:2)
  5 hydras
  2 two-headed ogres (Orc:2)
  15 death yaks
  Pikel (D:4)
  2 glowing orange brains (Gauntlet)
  A lindwurm (Lair:6)
  A cyclops (Orc:1)
  2 orc knights (Orc:1)
  5 oklob plants
  An ugly thing (Gauntlet)
  The ghost of Psun the Covert, a novice OpAs of Gozag (D:6)
  5 elephants (Lair:6)
  3 black mambas
  A merfolk siren (Lair:3)
  3 molten gargoyles (Lair:6)
  6 spiny frogs
  9 komodo dragons
  A merfolk (Lair:3)
  4 trolls
  4 dream sheep (Lair:5)
  12 blink frogs
  4 hippogriffs
  5 wyverns
  2 centaur simulacra (Gauntlet)
  4 wraiths (Lair:4)
  22 yaks
  2 hungry ghosts
  A steam dragon (Lair:6)
  5 basilisks
  An acid dragon (Gauntlet)
  3 wargs (Orc:1)
  11 water moccasins
  5 hell hounds (Lair:6)
  9 porcupines
  2 ice beasts
  2 sky beasts (D:6)
  17 orc warriors
  2 necrophages
  A phantom (D:7)
  11 ogres
  5 wolves (Lair:4)
  A centaur (D:6)
  7 crocodiles
  9 bullfrogs
  6 scorpions
  5 water moccasin zombies (Ossuary)
  5 killer bees (D:9)
  8 wights
  5 lava snakes (Lair:6)
  4 crimson imps
  2 wyvern simulacra (Gauntlet)
  A bullfrog zombie (D:8)
  8 orc priests
  A gnoll shaman (D:6)
  4 hounds
  6 jellies
  Ijyb (D:4)
  3 bullfrog skeletons
  An iguana (D:8)
  10 orc wizards
  6 worker ants
  A killer bee zombie (D:7)
  2 big kobold zombies (Ossuary)
  A hound skeleton (D:4)
  2 mummies (Ossuary)
  19 adders
  3 gnolls (D:6)
  7 river rats (Sewer)
  4 shadow imps
  3 oozes
  5 adder zombies (Ossuary)
  An adder skeleton (D:4)
  6 worms
  4 dart slugs
  7 leopard geckos
  53 orcs
  8 giant cockroaches
  5 gnoll zombies (Ossuary)
  6 hobgoblins
  7 jackals
  19 kobolds
  5 quokkas
  6 ball pythons
  7 bats
  4 frilled lizards
  6 goblins
  7 hobgoblin zombies (Ossuary)
  A jackal zombie (D:6)
  2 kobold zombies (Ossuary)
  2 leopard gecko skeletons (D:4)
  3 orc zombies (Ossuary)
  30 rats
  A fungus (D:1)
  A plant (D:10)
536 creatures vanquished.

Vanquished Creatures (collateral kills)
  A catoblepas (Lair:6)
  2 yaks (Lair:4)
3 creatures vanquished.

Vanquished Creatures (others)
  A quokka (D:4)
  A demonic plant (Gauntlet)
  5 fungi
  3 plants
  3 toadstools (D:1)
13 creatures vanquished.

Grand Total: 552 creatures vanquished

Notes
Turn   | Place    | Note
-------+----------+-------------------------------------------
     0 | D:1      | Curus the Minotaur Gladiator began the quest for the Orb.
     0 | D:1      | Reached XP level 1. HP: 18/18 MP: 0/0
   213 | D:1      | Reached XP level 2. HP: 25/25 MP: 1/1
   228 | D:1      | You fall into a shaft and drop 1 floor!
   234 | D:2      | Gained mutation: You are weak. (Str -2) [potion of
                  | mutation]
   234 | D:2      | Gained mutation: You can translocate small distances at
                  | will. [potion of mutation]
   234 | D:2      | Gained mutation: You have sharp toenails. [potion of
                  | mutation]
   394 | D:1      | Reached skill level 5 in Staves
   405 | D:1      | Reached XP level 3. HP: 17/30 MP: 2/2
   771 | D:2      | Found a blossoming altar of Fedhas.
   932 | D:2      | Found a faded altar of an unknown god.
  1304 | D:2      | Reached XP level 4. HP: 36/37 MP: 3/3
  2003 | D:3      | Reached XP level 5. HP: 28/42 MP: 4/4
  2125 | D:4      | Reached XP level 6. HP: 25/50 MP: 5/5
  2548 | D:4      | Reached XP level 7. HP: 35/56 MP: 6/6
  2549 | D:4      | Found a bloodstained altar of Trog.
  2567 | D:4      | Became a worshipper of Trog the Wrathful
  2609 | D:4      | Noticed Ijyb
  2611 | D:4      | Found a white marble altar of Elyvilon.
  2622 | D:4      | Killed Ijyb
  2669 | D:4      | Noticed Pikel
  2693 | D:4      | Killed Pikel
  2693 | D:4      | Reached XP level 8. HP: 46/62 MP: 7/7
  2902 | D:5      | Entered Level 5 of the Dungeon
  3299 | D:5      | Identified the +3 leather armour of Fualol {rPois rN+
                  | Int+4}
  3346 | D:5      | You fall into a shaft and drop 3 floors!
  3458 | D:7      | Reached * piety under Trog
  3466 | D:7      | Noticed a hippogriff
  3480 | D:7      | Killed a hippogriff
  3520 | D:7      | Found a staircase to the Ecumenical Temple.
  3532 | D:7      | Noticed a hippogriff
  3554 | D:7      | Killed a hippogriff
  3554 | D:7      | Reached XP level 9. HP: 33/68 MP: 8/8
  3637 | D:7      | Reached skill level 3 in Fighting
  3695 | D:7      | Found a sand-covered staircase.
  3701 | Ossuary  | Entered an ossuary
  3788 | Ossuary  | Reached skill level 4 in Fighting
  3817 | Ossuary  | Reached ** piety under Trog
  4048 | D:7      | Reached skill level 5 in Dodging
  4054 | D:7      | Reached skill level 5 in Fighting
  4338 | D:6      | Noticed Psun's ghost (novice OpAs)
  4359 | D:6      | Found a runed translucent door.
  4528 | D:6      | Reached skill level 6 in Fighting
  4583 | D:6      | Reached *** piety under Trog
  4682 | D:6      | Found a glowing drain.
  4690 | Sewer    | Entered a sewer
  4883 | Sewer    | Reached **** piety under Trog
  5134 | D:6      | Reached skill level 7 in Fighting
  5334 | D:6      | Reached XP level 10. HP: 45/86 MP: 9/9
  5440 | D:5      | Found Umak's Antique Weapon Emporium.
  6002 | D:6      | Killed Psun's ghost
  6135 | D:7      | Reached skill level 8 in Fighting
  6344 | D:8      | Identified a scroll of acquirement
  6855 | D:9      | Reached skill level 9 in Fighting
  7312 | D:9      | Reached ***** piety under Trog
  7995 | D:10     | Entered Level 10 of the Dungeon
  8038 | D:10     | Found Zytierri's Magic Scroll Emporium.
  8066 | D:10     | Bought a scroll of enchant weapon for 112 gold pieces
  8402 | D:10     | Found a staircase to the Lair.
  8402 | D:10     | Noticed an oklob plant
  8535 | D:10     | Found a staircase to the Orcish Mines.
  8556 | D:10     | Reached skill level 10 in Fighting
  9077 | D:10     | Killed an oklob plant
  9128 | Lair:1   | Entered Level 1 of the Lair of Beasts
  9309 | Lair:1   | Noticed a death yak
  9329 | Lair:1   | Killed a death yak
  9329 | Lair:1   | Received a gift from Trog
  9329 | Lair:1   | Reached XP level 11. HP: 48/99 MP: 9/11
  9331 | Lair:1   | Noticed a death yak
  9331 | Lair:1   | Noticed a death yak
  9550 | Lair:2   | Found a gate leading to a gauntlet.
  9553 | Lair:2   | Found the +9 scales of the Dragon King {rPois rF+ rC+ MR+}
  9562 | Gauntlet | Entered a Gauntlet
  9562 | Gauntlet | Found a transporter.
  9569 | Gauntlet | Found a transporter.
  9570 | Gauntlet | Found the ring of the Octopus King
  9571 | Gauntlet | Found a transporter.
  9577 | Gauntlet | Noticed an oklob plant
  9581 | Gauntlet | Found the +0 pair of fencer's gloves {Riposte Dex+3}
  9582 | Gauntlet | Found a transporter.
  9582 | Gauntlet | Found a transporter.
  9588 | Gauntlet | Noticed a blizzard demon
  9590 | Gauntlet | Found a transporter.
  9591 | Gauntlet | Found the +12 Vampire's Tooth {vamp}
  9604 | Gauntlet | Noticed a green ugly thing
  9606 | Gauntlet | Found a transporter.
  9616 | Gauntlet | Found a transporter.
  9626 | Gauntlet | Found a transporter.
  9629 | Gauntlet | Noticed a death scarab
  9636 | Gauntlet | Noticed a death scarab
  9640 | Gauntlet | Found a transporter.
  9652 | Gauntlet | Found a runed translucent door.
  9654 | Gauntlet | Found a transporter.
  9654 | Gauntlet | Found a transporter.
  9657 | Gauntlet | Found a runed translucent door.
  9657 | Gauntlet | Noticed a wizard
  9696 | Gauntlet | Found a transporter.
  9708 | Gauntlet | Noticed a glowing orange brain
  9710 | Gauntlet | Found a transporter.
  9713 | Gauntlet | Found a runed translucent door.
  9714 | Gauntlet | Noticed a glowing orange brain
  9831 | Gauntlet | Got a ring of the Octopus King
  9833 | Gauntlet | Identified a ring of the Octopus King {Wiz AC+1 EV+1 Str+1
                  | Int+1 Dex+1} (You found it in a Gauntlet)
  9885 | Gauntlet | Killed an oklob plant
  9910 | Gauntlet | Killed a glowing orange brain
  9910 | Gauntlet | Reached skill level 5 in Evocations
  9919 | Gauntlet | Killed a green ugly thing
  9929 | Gauntlet | Got a pair of spiked gloves
  9947 | Gauntlet | Killed a glowing orange brain
  9956 | Gauntlet | Noticed a minotaur
  9973 | Gauntlet | Killed a minotaur
  9984 | Gauntlet | Identified the Guide on the Oath
 10115 | Lair:1   | Killed a death yak
 10156 | Lair:1   | Killed a death yak
 10573 | Lair:1   | Identified the +1 pair of gloves of Uticuugi {Int+4} (You
                  | found it in a Gauntlet)
 10832 | Lair:2   | Noticed a six-headed hydra
 10840 | Lair:2   | Killed a six-headed hydra
 10840 | Lair:2   | Reached skill level 10 in Dodging
 10854 | Lair:2   | Noticed an eight-headed hydra
 10861 | Lair:2   | Killed an eight-headed hydra
 10944 | Lair:2   | Reached skill level 11 in Fighting
 11200 | Lair:3   | Reached XP level 12. HP: 70/110 MP: 17/17
 11323 | Lair:3   | Noticed a six-headed hydra
 11337 | Lair:3   | Killed a six-headed hydra
 11483 | Lair:3   | You fall into a shaft and drop 2 floors!
 11516 | Lair:5   | Found a staircase to the Slime Pits.
 11516 | Lair:5   | Found a viscous altar of Jiyva.
 11598 | Lair:5   | Noticed a death yak
 11603 | Lair:5   | Noticed a death yak
 11613 | Lair:5   | Killed a death yak
 11613 | Lair:5   | Noticed a death yak
 11615 | Lair:5   | Noticed a death yak
 11618 | Lair:5   | Noticed a death yak
 11620 | Lair:5   | Noticed a death yak
 11620 | Lair:5   | Noticed a death yak
 11621 | Lair:5   | Killed a death yak
 11626 | Lair:5   | Noticed a death yak
 11631 | Lair:5   | Killed a death yak
 11631 | Lair:5   | Reached skill level 12 in Fighting
 11633 | Lair:5   | Killed a death yak
 11639 | Lair:5   | Killed a death yak
 11642 | Lair:5   | Killed a death yak
 11645 | Lair:5   | HP: 4/113 [death yak (24)]
 11650 | Lair:5   | HP: 2/113 [death yak (7)]
 11652 | Lair:5   | Killed a death yak
 11803 | Lair:4   | Reached skill level 13 in Fighting
 11823 | Lair:4   | Found a staircase to the Snake Pit.
 11831 | Lair:4   | Noticed a death yak
 11832 | Lair:4   | Noticed a death yak
 11837 | Lair:4   | Noticed a death yak
 11841 | Lair:4   | Noticed a death yak
 11845 | Lair:4   | Killed a death yak
 11854 | Lair:4   | Killed a death yak
 11859 | Lair:4   | Killed a death yak
 11866 | Lair:4   | Killed a death yak
 11891 | Lair:4   | Reached XP level 13. HP: 39/123 MP: 18/18
 12531 | Lair:3   | Found a staircase to the Shoals.
 12790 | Lair:4   | Reached skill level 14 in Fighting
 12792 | Lair:4   | Noticed Josephine
 12803 | Lair:4   | Killed Josephine
 13282 | Lair:5   | Received a gift from Trog
 13283 | Lair:5   | Got a faintly glowing lajatang {god gift}
 13289 | Lair:5   | Identified the +0 lajatang of Trog's Hope {slice, +Inv}
                  | (Trog gifted it to you on level 5 of the Lair of Beasts)
 13738 | Lair:6   | Entered Level 6 of the Lair of Beasts
 14114 | Lair:6   | Reached skill level 15 in Fighting
 14146 | Lair:6   | HP: 6/127 [catoblepas (16)]
 14637 | Lair:6   | Found a large runed translucent door.
 14826 | Lair:6   | Found a large runed translucent door.
 14848 | Lair:6   | Noticed a fire dragon
 14862 | Lair:6   | Killed a fire dragon
 15121 | Lair:4   | Reached XP level 14. HP: 129/136 MP: 19/19
 15127 | Lair:4   | Reached skill level 15 in Dodging
 15135 | Lair:4   | Got a dazzling leather armour
 15179 | Lair:3   | Reached skill level 16 in Fighting
 15296 | D:10     | Identified the +0 leather armour "Edihieba" {rCorr} (You
                  | found it on level 4 of the Lair of Beasts)
 15298 | Orc:1    | Entered Level 1 of the Orcish Mines
 15353 | Orc:1    | Received a gift from Trog
 15451 | Orc:1    | HP: 10/205 [orc knight/+0 war axe (20)]
 15660 | Orc:1    | Found a runed translucent gate.
 15660 | Orc:1    | Noticed an orc warlord
 15660 | Orc:1    | Noticed Irehuruis's ghost (journeyman FoWz)
 15661 | Orc:1    | Found a runed translucent gate.
 15662 | Orc:1    | Found a runed translucent gate.
 15791 | Orc:1    | Noticed an orc warlord
 16151 | Orc:1    | Upgraded the game from 0.24.0-37-gcf1ca852f1 to
                  | 0.24.0-41-g2ae2f7f1be
 16170 | Orc:2    | Entered Level 2 of the Orcish Mines
 16171 | Orc:2    | Noticed an orc warlord
 16198 | Orc:1    | Killed an orc warlord
 16359 | Orc:2    | Found Bumiqum's Food Shop.
 16401 | Orc:1    | HP: 5/138 [two-headed ogre/+0 giant club (24)]
 16402 | Orc:1    | Demolished by a two-headed ogre

Levels and vault maps discovered:
D:1:      roderic_crossed_star, layout_rooms, hangedman_decor_riveting,
          minmay_gold_behind_fungi
D:2:      layout_loops_ring, chequers_ecumenical_altar_island, fedhas_altar_1
D:3:      layout_loops_corners, nrook_loot_triangle, serial_bayou_pond_d
D:4:      layout_cave_pools, old_standard_altar, first_ration, elyvilon_altar_4,
          uniq_ijyb, uniq_pikel
D:5:      layout_basic, serial_shops, kennysheep_mini
D:6:      layout_loops_ring, hellmonk_ghost_happy_afterlife,
          lightli_sewer_entry_pipes
D:7:      layout_cave_pools, minmay_temple_entry_statues_pillars,
          nicolae_ossuary_entry_plus
D:8:      layout_basic
D:9:      layout_loops_corners, serial_rivers, chequers_serial_rivers_room_b,
          chequers_serial_rivers_large_a, chequers_serial_rivers_micro_b,
          chequers_serial_rivers_room_b
D:10:     layout_basic, dpeg_oklobed_lair, david_orc_2, serial_shops, shop
Lair:1:   layout_regular_city, minmay_holes
Lair:2:   layout_roguey, gauntlet_entry_generic, chequers_serial_rivers_micro_c
Lair:3:   layout_regular_city, elwin_shoals_entry_rooms, serial_forest,
          infiniplex_forest_lined_corner, infiniplex_forest_lined_corner,
          infiniplex_forest_clump_double, infiniplex_forest_straight_1,
          infiniplex_forest_lined_2, infiniplex_forest_end_2,
          infiniplex_forest_end_2, infiniplex_forest_lined_3,
          infiniplex_forest_clump_medium, infiniplex_forest_3_way
Lair:4:   layout_misc_corridors, guppyfry_snake_entry_island,
          minmay_lair_oklob_chamber, grunt_megastairs_4, uniq_josephine
Lair:5:   layout_small_grid, slime_altar_1
Lair:6:   cheibrodos_lair_end_hotspot, layout_regular_city
Orc:1:    cheibrodos_orc_arena, layout_diamond_mine, biasface_ghost_orc_armoury,
          minmay_orc_barracks
Orc:2:    st_orc_ogre_mass, layout_caves, serial_shops, bzr_entry_gold

Skill      XL: |  1  2  3  4  5  6  7  8  9 10 11 12 13 14 |
---------------+-------------------------------------------+-----
Staves         | 4 5 7 8 9 11 13 14 | 14.0
Fighting       | 7 10 11 13 15 16 | 16.7
Dodging        | 7 9 10 12 14 15 | 15.6
Evocations     | 2 8 |  8.3
Throwing       | |  2.0

Action                   |  1- 3 |  4- 6 |  7- 9 | 10-12 | 13-15 || total
-------------------------+-------+-------+-------+-------+-------++-------
Melee: Quarterstaff      |    92 |   114 |   489 |   483 |    20 ||  1198
       Headbutt          |    17 |    20 |    81 |   159 |   141 ||   418
       Lajatang          |       |       |       |   127 |   429 ||   556
Invok: Berserk           |       |       |     1 |     6 |     5 ||    12
       Trog's Hand       |       |       |       |     1 |       ||     1
       Brothers in Arms  |       |       |       |     2 |     2 ||     4
 Abil: Blink             |       |       |       |       |     1 ||     1
Evoke: Wand              |       |       |     2 |     6 |     2 ||    10
  Use: Potion            |     4 |     1 |     5 |     6 |     3 ||    19
       Scroll            |     2 |     3 |     4 |     6 |     4 ||    19
 Stab: Sleeping          |       |       |     1 |       |     2 ||     3
  Eat: Chunk             |     1 |     3 |     9 |    15 |    18 ||    46
       Ration            |       |       |     1 |     4 |     1 ||     6
Armor: Leather armour    |    22 |    13 |    85 |    58 |    59 ||   237
Dodge: Dodged            |    48 |    56 |   226 |   276 |   443 ||  1049
       Rpst.: Quarterstaff |       |       |       |    12 |     2 ||    14
       Lajatang          |       |       |       |    20 |    93 ||   113
